 Dungeon Crawl Stone Soup version 0.29.0-13-gc9e81de378 (webtiles) character file.

Game seed: 11562653897098678570

1311 magipi the Cleaver (level 8, -1/46 HPs)
             Began as a Gargoyle Fighter on Sept 8, 2022.
             Was an Initiate of the Shining One.
             Killed from afar by a steam dragon (14 damage)
             ... with a ball of steam
             ... on level 6 of the Dungeon.
             The game lasted 00:15:52 (4744 turns).

magipi the Cleaver (Gargoyle Fighter)               Turns: 4744, Time: 00:15:53

Health: -1/46      AC: 18    Str: 22    XL:     8   Next: 58%
Magic:  8/8        EV:  7    Int:  9    God:    the Shining One [......]
Gold:   192        SH:  4    Dex:  9    Spells: 7/7 levels left

rFire   . . .      SeeInvis .   a - +1 broad axe (elec)
rCold   . . .      Faith    .   c - +0 buckler
rNeg    + . .      Spirit   .   g - +0 chain mail
rPois   ∞          Reflect  .   m - +1 helmet
rElec   +          Harm     .   (no cloak)
rCorr   .          Rampage  .   i - +0 pair of gloves
Will    .....                   (no boots)
Stlth   ..........              (no amulet)
HPRegen 0.15/turn               v - ring of flight
MPRegen 0.11/turn               (no ring)

@: flying, glowing
A: sickness immunity, AC +5, negative energy resistance 1, electricity
resistance, torment resistance 1, petrification resistance
a: Renounce Religion


You were on level 6 of the Dungeon.
You worshipped the Shining One.
The Shining One was noncommittal.
You visited 2 branches of the dungeon, and saw 7 of its levels.
You also visited: Sewer.

You collected 192 gold pieces.

Inventory:

Hand Weapons
 a - a +1 broad axe of electrocution (weapon)
 b - a +0 war axe
Missiles
 w - 2 boomerangs (quivered)
Armour
 c - a +0 buckler (worn)
 g - a +0 chain mail (worn)
 i - a +0 pair of gloves (worn)
 m - a +1 helmet (worn)
Jewellery
 s - a ring of ice
 v - a ring of flight (left hand)
Wands
 d - a wand of quicksilver (6)
 k - a wand of mindburst (7)
Scrolls
 l - 2 scrolls of immolation
 o - 2 scrolls of fog
 p - 4 scrolls of teleportation
 t - a scroll of blinking
Potions
 e - 2 potions of mutation
 f - 2 potions of degeneration {unknown}
 h - 4 potions of haste {unknown}
 j - a potion of magic {unknown}
 n - a potion of heal wounds {unknown}
 q - 2 potions of lignification
 r - 3 potions of curing {unknown}
 u - 2 potions of brilliance {unknown}


   Skills:
 - Level 3.2 Fighting
 + Level 8.3 Axes
 + Level 1.8 Throwing
 - Level 3.2 Armour
 - Level 3.2 Shields
 + Level 3.6 Evocations


You had 7 spell levels left.
You didn't know any spells.
Your spell library contained the following spells:

 Spells                   Type           Power      Damage    Failure   Level
 Foxfire                  Conj/Fire      0%         2x1d4     99%         1
 Conjure Flame            Conj/Fire      0%         6-21      100%        3
 Gell's Gravitas          Tloc           0%         N/A       100%        3
 Ignite Poison            Fire/Tmut/Pois 0%         N/A       100%        3
 Inner Flame              Hex/Fire       0%         N/A       100%        3
 Lesser Beckoning         Tloc           0%         N/A       100%        3
 Mephitic Cloud           Conj/Pois/Air  0%         N/A       100%        3
 Teleport Other           Tloc           0%         N/A       100%        3
 Flame Wave               Conj/Fire      0%         2d4       100%        4
 Freezing Cloud           Conj/Ice/Air   0%         6-21      100%        5


Dungeon Overview and Level Annotations

Branches:
Dungeon (6/15)             Temple (1/1) D:5           Sewer (visited)

Altars:
Ashenzari
Cheibriados
Dithmenos
Elyvilon
Fedhas
Gozag
Hepliaklqana
Makhleb
Okawaru
Qazlal
Ru
Trog
Wu Jian
Xom
Yredelemnul
Zin
The Shining One

Shops:
D:1 [


Innate Abilities, Weirdness & Mutations

You are immune to sickness and miasma.
Your stone body is resilient. (AC +5)
You are immune to poison.
You resist negative energy. (rN+)
You are resistant to electric shocks. (rElec)
You are resistant to unholy torment.
You are immune to petrification.


Message History

You hit the steam dragon but do no damage.
The steam dragon is severely wounded.
You are engulfed in a cloud of scalding steam.
The steam dragon barely misses you. You block the steam dragon's attack.
You barely miss the steam dragon.
The steam dragon is severely wounded.
You are engulfed in a cloud of scalding steam.
The steam dragon breathes steam at you.
The ball of steam hits you but does no damage.
The steam dragon barely misses you.
The steam dragon claws you but does no damage.
You barely miss the steam dragon.
The steam dragon is severely wounded.
The steam dragon breathes steam at you. The ball of steam hits you!
You hit the steam dragon but do no damage.
The steam dragon is severely wounded.
You block the steam dragon's attack.
The steam dragon claws you but does no damage.
You closely miss the steam dragon.
The steam dragon is severely wounded.
The steam dragon closely misses you. The steam dragon claws you.
Unknown command.
You barely miss the steam dragon.
The steam dragon is severely wounded.
The steam dragon bites you.
* * * LOW HITPOINT WARNING * * *
The steam dragon barely misses you. x2; You block the steam dragon's attack.
Unknown command.
Unknown command.
You barely miss the steam dragon.
The steam dragon is severely wounded.
The steam dragon bites you but does no damage.
The steam dragon closely misses you.
Unknown command.
You slash the steam dragon!
The steam dragon is almost dead.
The steam dragon breathes steam at you. The ball of steam hits you!
You die...

##...##.......#,,,,,,
##...##.......#,,,,,,
#....##...##..#,,,**,
#....##...##..#,,,***
##'####...+,..#,,,,,,
##...#*...#,,,*,,,,,,
#.<..#*,,,**,,*,,,**,
#....######*,,**,,**,
#...@.....#,,,**,,**, ****
#....D....#,,,,,,,*,, ***,,**
#.........#,,,,,,,*,, *,,,,,*
#....##...#*,,,,,,**,
*,,,,****##...#*...#*,,**,,**,
*,,,,**,,*#...#<,...#,,**,,**,
*,,,,*,,,,....#,,,..#,,,,,,,,,
**,,,**,,.....#*,,.##,,,,,,,,,
**,,,**,,**,,,**,,,**,,**,,**,


You could see a steam dragon (catching breath).

Vanquished Creatures
  Sigmund (D:2)
  Eustachio (D:4)
  A steam dragon (D:6)
  Pargi (Sewer)
  An ogre (D:4)
  A necrophage (D:6)
  2 scorpions
  A hound (D:5)
  3 orc priests
  Terence (D:2)
  2 iguanas
  An orc wizard (D:5)
  Robin (D:2)
  8 gnolls
  7 adders
  A shadow imp (D:6)
  2 worms (D:2)
  2 dart slugs
  11 orcs
  10 ball pythons
  9 endoplasms
  3 giant cockroaches
  15 goblins
  8 hobgoblins
  7 jackals
  14 kobolds
  3 quokkas
  7 bats
  4 frilled lizards
  7 rats
135 creatures vanquished.

Notes
Turn   | Place    | Note
-------+----------+-------------------------------------------
     0 | D:1      | magipi the Gargoyle Fighter began the quest for the Orb.
     0 | D:1      | Reached XP level 1. HP: 14/14 MP: 1/1
    25 | D:1      | Reached skill level 2 in Axes
   188 | D:1      | Reached XP level 2. HP: 9/19 MP: 2/2
   237 | D:1      | Found a faded altar of an unknown god.
   447 | D:1      | Found Senu's Armour Emporium.
   646 | D:1      | Reached skill level 3 in Axes
   648 | D:1      | Reached XP level 3. HP: 20/23 MP: 3/3
  1082 | D:2      | Noticed Robin
  1092 | D:1      | Reached XP level 4. HP: 12/28 MP: 4/4
  1135 | D:2      | Noticed Terence
  1217 | D:1      | Reached skill level 4 in Axes
  1347 | D:2      | Noticed Sigmund
  1367 | D:2      | Killed Sigmund
  1368 | D:2      | Reached skill level 5 in Axes
  1368 | D:2      | Reached XP level 5. HP: 15/32 MP: 5/5
  1368 | D:2      | Reached XP level 6. HP: 18/37 MP: 6/6
  1471 | D:2      | Killed Robin
  1551 | D:2      | Found an opulent altar of Gozag.
  1766 | D:2      | Killed Terence
  2104 | D:2      | Reached skill level 6 in Axes
  2412 | D:3      | Reached XP level 7. HP: 41/41 MP: 7/7
  2965 | D:4      | Reached skill level 7 in Axes
  3207 | D:4      | Noticed Eustachio
  3218 | D:4      | Killed Eustachio
  3219 | D:4      | Reached skill level 1 in Evocations
  3687 | D:5      | Entered Level 5 of the Dungeon
  3725 | D:5      | Identified a scroll of acquirement
  3725 | D:5      | Acquired a +1 broad axe of electrocution
  3746 | D:5      | Reached XP level 8. HP: 45/46 MP: 8/8
  3773 | D:5      | Reached skill level 8 in Axes
  3788 | D:5      | Found a sacrificial altar of Ru.
  4057 | D:5      | Found a glowing drain.
  4067 | Sewer    | Entered a sewer
  4103 | Sewer    | Noticed Pargi
  4117 | Sewer    | Killed Pargi
  4319 | D:5      | Found a staircase to the Ecumenical Temple.
  4328 | Temple   | Entered the Ecumenical Temple
  4450 | Temple   | Became a worshipper of the Shining One
  4547 | D:6      | Reached skill level 1 in Throwing
  4744 | D:6      | Killed from afar by a steam dragon

Illustrated notes

Levels and vault maps discovered:
D:1:      amcnicky_arrival_wind_blow, layout_basic, serial_shops,
          nicolae_shop_behind_doors, hellmonk_ecumenical_altar_slurped_away,
          minmay_bisected
D:2:      layout_basic, basic_altar, uniq_terence, uniq_sigmund, uniq_robin
D:3:      layout_loops_ring, st_stairs_13
D:4:      layout_basic, grunt_ministairs_2, uniq_eustachio
D:5:      layout_layer_cave, nicolae_ru_great_annihilating_truth,
          lemuel_temple_firewalk_b, cheibrodos_sewer_entry_drain
D:6:      layout_gridville
Temple:   nicolae_temple_slightly_damp_pantheon

Skill      XL: |  1  2  3  4  5  6  7  8 |
---------------+-------------------------+-----
Axes           | 2 3 5 6 7 8 |  8.3
Evocations     | 2 3 |  3.6
Throwing       | 1 |  1.8
Fighting       | |  3.2
Armour         | |  3.2
Shields        | |  3.2

Action                   |  1- 3 |  4- 6 |  7- 9 || total
-------------------------+-------+-------+-------++-------
Melee: War axe           |    75 |   100 |   106 ||   281
       Broad axe         |       |       |    73 ||    73
  Use: Potion            |       |     1 |       ||     1
       Scroll            |       |       |    12 ||    12
 Stab: Invisible         |       |       |     1 ||     1
       Paralysed         |       |       |     1 ||     1
Armor: Chain mail        |    50 |    48 |   120 ||   218
       Scale mail        |     1 |       |       ||     1
Dodge: Dodged            |    29 |    31 |    79 ||   139
Block: Buckler           |    21 |    15 |    30 ||    66
